 Dungeon Crawl Stone Soup version 0.28-a0-667-g162e43154e (webtiles) character file.

Game seed: 3898580374842448591

147 Lekart the Slasher (level 5, -1/46 HPs)
             Began as a Draconian Fighter on Oct 17, 2021.
             Slain by an orc (8 damage)
             ... on level 3 of the Dungeon.
             The game lasted 00:03:44 (3041 turns).

Lekart the Slasher (Draconian Fighter)              Turns: 3041, Time: 00:03:45

Health: -1/46      AC:  6    Str: 19    XL:     5   Next: 8%
Magic:  5/5        EV: 12    Int:  9    God:
Gold:   75         SH:  4    Dex: 10    Spells: 4/4 levels left

rFire   . . .      SeeInvis .   a - +0 long sword
rCold   . . .      Faith    .   b - +0 buckler
rNeg    . . .      Spirit   .   (armour unavailable)
rPois   .          Reflect  .   (helmet restricted)
rElec   .          Harm     .   (no cloak)
rCorr   .          Rampage  .   (no gloves)
Will    .....                   f - +0 pair of boots
Stlth   +.........              (no amulet)
HPRegen 0.15/turn               (no ring)
MPRegen 0.09/turn               (no ring)

@: mighty
A: AC +5, unfitting armour, cold-blooded
a: no special abilities


You were on level 3 of the Dungeon.
You visited 1 branch of the dungeon, and saw 3 of its levels.

You collected 75 gold pieces.

Inventory:

Hand Weapons
 a - a +0 long sword (weapon)
Armour
 b - a +0 buckler (worn)
 e - a +2 buckler
 f - a +0 pair of boots (worn)
Scrolls
 i - a scroll of identify
Potions
 d - a potion of cancellation


   Skills:
 + Level 3.8 Fighting
 + Level 3.9 Long Blades
 + Level 3.4 Dodging
 + Level 3.6 Shields


You had 4 spell levels left.
You didn't know any spells.
Your spell library contained the following spells:

 Spells                   Type           Power      Damage    Failure   Level
 Stone Arrow              Conj/Erth      0%         3d7       77%         3
 Lehudib's Crystal Spear  Conj/Erth      0%         10d2      100%        8
 Animate Armour           Summ/Erth      Unusable   N/A       N/A         4

Dungeon Overview and Level Annotations

Branches:
Dungeon (3/15)

Altars:


Innate Abilities, Weirdness & Mutations

Your plain brown scales are hard. (AC +5)
You cannot fit into any form of body armour.
You are cold-blooded and may be slowed by cold attacks.


Message History

The magic dart hits you. You block the orc's attack.
The orc hits you but does no damage.
You closely miss the orc. Something hits you but does no damage.
The orc hits you but does no damage.
The orc hits you with a +1 mace of protection.
You hit the orc.
The orc is lightly wounded.
Something hits you but does no damage. The orc hits you with a +0 short sword.
The orc hits you with a +1 mace of protection.
You hit the orc but do no damage.
The orc is lightly wounded.
Something hits you. The orc hits you with a +0 short sword.
The orc barely misses you.
You feel very mighty all of a sudden. Something hits you.
* * * LOW HITPOINT WARNING * * *
The orc hits you but does no damage.
The orc hits you with a +1 mace of protection.
* * * LOW HITPOINT WARNING * * *
You hit the orc.
The orc is severely wounded.
Something hits you.
* * * LOW HITPOINT WARNING * * *
The orc hits you with a +0 short sword.
* * * LOW HITPOINT WARNING * * *
The orc barely misses you. Something hits you but does no damage.
The orc hits you but does no damage.
You closely miss the orc.
You tail-slap the orc, but do no damage.
The orc is severely wounded.
An orc wizard appears from thin air!
Reactivating autopickup.
The orc hits you with a +1 mace of protection.
* * * LOW HITPOINT WARNING * * *
The orc wizard mumbles some strange words.
The orc wizard flickers and vanishes!
Deactivating autopickup; reactivate with Ctrl-A.
The orc completely misses you.
The orc hits you with a +1 mace of protection!
You die...

*,#.,*#..*#...###.##.#######
***,.,,,...*#.......##.#
*,,,,,,.###*##.#######.#
*,****,.* ###.### *,..#
*,****,,* #.....# *,###*****
*,**,,,,* #.....# *,*,,,,,,*
*,**,**,* #.....# *,*,****,*
*,,,,,,,* #.{o..# *,*,****,*
****,**** #.@o..# *,,,,,**,*
*,* ####### ***,*,**,*
*,*********,*** *,*,**,*
*,,,,,,,,,,*,,*****,,,,,,*
***,**,*,,***,,,>,,,,,****
*,**,,,,,*,,*********
*,****,,*,*,* *,****,,***,*
*,,,,,,,,,,,*


You could see 2 orcs.

Vanquished Creatures
  An orc wizard (D:3)
  Robin (D:2)
  An adder (D:3)
  3 gnolls
  A worm (D:2)
  2 dart slugs
  4 orcs (D:3)
  4 endoplasms
  A giant cockroach (D:2)
  15 goblins
  3 hobgoblins
  4 jackals (D:1)
  5 quokkas
  3 ball pythons
  5 bats
  3 kobolds
  3 rats (D:1)
59 creatures vanquished.

Notes
Turn   | Place    | Note
-------+----------+-------------------------------------------
     0 | D:1      | Lekart the Draconian Fighter began the quest for the Orb.
     0 | D:1      | Reached XP level 1. HP: 19/19 MP: 1/1
   287 | D:1      | Reached XP level 2. HP: 7/26 MP: 2/2
  1176 | D:2      | Noticed Robin
  1193 | D:1      | Reached XP level 3. HP: 23/31 MP: 3/3
  1312 | D:1      | HP: 1/31 [poisoned by a goblin]
  1572 | D:2      | Killed Robin
  2044 | D:2      | Reached XP level 4. HP: 36/39 MP: 4/4
  2907 | D:3      | Reached XP level 5. HP: 46/46 MP: 5/5
  3041 | D:3      | Slain by an orc

Illustrated notes

Levels and vault maps discovered:
D:1:      dpeg_arrival_three_bigger_balls, layout_loops_ring, st_stairs_7,
          hangedman_abyss_or_decor_stabs
D:2:      layout_basic, uniq_robin
D:3:      layout_loops_cross, dreamdust_ecumenical_altar_statues

Skill      XL: |  1  2  3 |
---------------+----------+-----
Dodging        | 3 |  3.4
Long Blades    | 3 |  3.9
Fighting       | |  3.8
Shields        | |  3.6

Action                   |  1- 3 |  4- 6 || total
-------------------------+-------+-------++-------
Melee: Long sword        |   120 |    62 ||   182
       Tailslap          |     9 |     8 ||    17
  Use: Potion            |     1 |     4 ||     5
       Scroll            |       |     3 ||     3
Armor: Skin              |    50 |    26 ||    76
Dodge: Dodged            |   127 |    35 ||   162
Block: Buckler           |    33 |    10 ||    43

Table legend: (Time is in decaauts)
 A = Elapsed time spent in this place.
 B = Non-inter-level travel time spent in this place.
 C = Inter-level travel time spent in this place.
 D = Time resting spent in this place.
 E = Time spent auto-exploring this place.
 F = Levels seen in this place.
 G = Mean time per level.
                   A        B        C        D        E       F      G
               +--------+--------+--------+--------+--------+-----+--------+
         Total |   3104 |   3021 |     83 |    602 |   1854 |   3 | 1034.7 |
       Dungeon |   3104 |   3021 |     83 |    602 |   1854 |   3 | 1034.7 |
               +--------+--------+--------+--------+--------+-----+--------+

Top non-repeatable levels by time:
     D:1: 1729 daAuts
     D:2: 1133 daAuts
     D:3: 240 daAuts
